 Dungeon Crawl Stone Soup version 0.29-a0-1027-gcd8c55af63 (webtiles) character file.

Game seed: 13121168115830606336

22 27heaven the Trooper (level 2, 0/24 HPs)
             Began as a Mummy Berserker on Aug 12, 2022.
             Was an Initiate of Trog.
             Slain by a ball python (1 damage)
             ... on level 2 of the Dungeon.
             The game lasted 00:01:27 (1312 turns).

27heaven the Trooper (Mummy Berserker)              Turns: 1312, Time: 00:01:28

Health: 0/24       AC:  2    Str: 20    XL:     2   Next: 68%
Magic:  5/5        EV: 12    Int:  6    God:    Trog [......]
Gold:   56         SH:  0    Dex: 11    Spells: 5/5 levels left

rFire   x . .      SeeInvis .   a - +0 mace
rCold   + . .      Faith    .   (no shield)
rNeg    + + +      Spirit   .   b - +0 animal skin
rPois   ∞          Reflect  .   (no helmet)
rElec   .          Harm     .   (no cloak)
rCorr   .          Rampage  .   (no gloves)
Will    .....                   (no boots)
Stlth   +.........              (no amulet)
HPRegen 0.08/turn               (no ring)
MPRegen 0.09/turn               (no ring)

@: no status effects
A: cold resistance 1, negative energy resistance 3, torment resistance 2, heat
vulnerability 1, no potions
a: Renounce Religion


You were on level 2 of the Dungeon.
You worshipped Trog.
Trog was noncommittal.
You visited 1 branch of the dungeon, and saw 2 of its levels.

You collected 56 gold pieces.

Inventory:

Hand Weapons
 a - a +0 mace (weapon)
Missiles
 g - a throwing net (quivered)
Armour
 b - a +0 animal skin (worn)
Jewellery
 d - a ring of ice
 e - a ring of protection from cold
 i - a ring of see invisible
Scrolls
 c - a scroll of fear {unknown}
 f - a scroll of teleportation {unknown}
 h - a scroll of silence {unknown}
 j - 2 scrolls of identify {unknown}


   Skills:
 + Level 3.3 Fighting
 - Level 2.4 Maces & Flails
 - Level 1.6 Armour
 - Level 1.6 Dodging
 - Level 2.2 Spellcasting


You had 5 spell levels left.
You didn't know any spells.
Your spell library was empty.

Dungeon Overview and Level Annotations

Branches:
Dungeon (2/15)

Altars:


Innate Abilities, Weirdness & Mutations

You are immune to poison.
Your flesh is cold resistant. (rC+)
You are immune to negative energy. (rN+++)
You are immune to unholy pain and torment.
You are vulnerable to heat. (rF-)
You do not drink.


Message History

A worm is nearby!
A worm is nearby!
A ball python comes into view.
Found 7 stones.
Found a scroll labelled XUABBEMIME.
The ball python hisses angrily.
There are monsters nearby!
You sock the worm!
The worm is severely wounded.
The worm closely misses you.
You barely miss the worm.
The worm is heavily wounded.
The worm closely misses you. The ball python bites you.
The ball python grabs you. The ball python constricts you.
The ball python misses you. The ball python constricts you.
The ball python's grasp on you weakens, but your attempt to escape fails.
The ball python bites you but does no damage.
The ball python constricts you.
You escape the ball python's grasp.
The ball python misses you. The ball python closely misses you.
The worm bites you. The ball python closely misses you.
The ball python grabs you. The ball python constricts you.
You hit the worm.
The worm is severely wounded.
The ball python completely misses you. The ball python constricts you.
The worm closely misses you.
You hit the ball python but do no damage.
The ball python completely misses you. The ball python constricts you.
The ball python closely misses you. The ball python constricts you.
The worm bites you!
* * * LOW HITPOINT WARNING * * *
You sock the worm!
You kill the worm!
Trog accepts your kill.
The ball python bites you but does no damage.
The ball python constricts you.
You are too injured to fight recklessly!
You escape the ball python's grasp.
The ball python bites you.
You die...

....# ....#
#........?...#
##.##
#.........(..#
.#.#
#............#
.#.#
#............#
.#.#
#............#
.#.#
#............#
#.#
#............#
#.#
#....S@......#
#.#
######.#######
#.# #.# #.# #.#
#.# #.#
#.#############.#
#...............#
#################


You could see a ball python.

Vanquished Creatures
  A worm (D:2)
  6 endoplasms
  2 goblins
  2 hobgoblins (D:1)
  A kobold (D:1)
  A quokka (D:2)
  A ball python (D:1)
  A bat (D:1)
  A frilled lizard (D:2)
  A rat (D:1)
17 creatures vanquished.

Notes
Turn   | Place    | Note
-------+----------+-------------------------------------------
     0 | D:1      | 27heaven the Mummy Berserker began the quest for the Orb.
     0 | D:1      | Reached XP level 1. HP: 18/18 MP: 1/1
   415 | D:1      | Reached skill level 1 in Spellcasting
   465 | D:1      | Reached XP level 2. HP: 20/24 MP: 2/4
  1310 | D:2      | HP: 1/24 [worm (11)]
  1312 | D:2      | Slain by a ball python

Illustrated notes

Levels and vault maps discovered:
D:1:      minmay_arrival_floating_metal, layout_loops_ring,
          kennysheep_minor_cross, chequers_serial_rivers_marsh,
          wad_floor_pattern_untrapped
D:2:      layout_basic

Skill      XL: |  1  2 |
---------------+-------+-----
Spellcasting   | 1 2 |  2.2
Fighting       | |  3.3
Maces & Flails | |  2.4
Armour         | |  1.6
Dodging        | |  1.6

Action                   || total
-------------------------++-------
Melee: Mace              ||    39
Armor: Animal skin       ||     7
Dodge: Dodged            ||    27

Table legend: (Time is in decaauts)
 A = Elapsed time spent in this place.
 B = Non-inter-level travel time spent in this place.
 C = Inter-level travel time spent in this place.
 D = Time resting spent in this place.
 E = Time spent auto-exploring this place.
 F = Levels seen in this place.
 G = Mean time per level.
                   A        B        C        D        E       F      G
               +--------+--------+--------+--------+--------+-----+--------+
         Total |   1338 |   1300 |     38 |      0 |   1126 |   2 |  669.0 |
       Dungeon |   1338 |   1300 |     38 |      0 |   1126 |   2 |  669.0 |
               +--------+--------+--------+--------+--------+-----+--------+

Top non-repeatable levels by time:
     D:1: 998 daAuts
     D:2: 340 daAuts
